 Dungeon Crawl Stone Soup version 0.30-a0-930-gb9d0489357 (webtiles) character file.

Game seed: 2436847818696583380

6659 12sPaWn12 the Basher (level 11, 0/117 HPs)
             Began as an Ogre Berserker on Mar 23, 2023.
             Was an Elder of Trog.
             Slain by a hornet (10 damage)
             ... on level 10 of the Dungeon.
             The game lasted 00:18:38 (11133 turns).

12sPaWn12 the Basher (Ogre Berserker)              Turns: 11133, Time: 00:18:39

Health: 0/117      AC:  8    Str: 36    XL:     11   Next: 3%
Magic:  11/11      EV: 26    Int: 10    God:    Trog [****..]
Gold:   890        SH:  0    Dex:  8    Spells: 10/10 levels left

rFire   + . .      SeeInvis .    n - +2 flail (protect)
rCold   x . .      Faith    .    (no shield)
rNeg    . . .      Spirit   .    y - +0 steam dragon scales
rPois   .          Reflect  .    (helmet restricted)
rElec   .          Rampage  .    o - +0 cloak
rCorr   .                        (gloves unavailable)
Will    +....                    (boots unavailable)
Stlth   ++                       s - amulet of the acrobat
HPRegen 0.39/turn                C - +6 ring of strength
MPRegen 0.12/turn                x - ring "Pexzuta" {Fire Str+3 Int+2 Stlth+}

@: brilliant, acrobatic, slowed, invisible, very slow
A: large, unfitting armour, tough skin 1
a: Renounce Religion, Berserk, Trog's Hand, Brothers in Arms


You were on level 10 of the Dungeon.
You worshipped Trog.
Trog was greatly pleased with you.
You visited 1 branch of the dungeon, and saw 10 of its levels.
You also visited: Ossuary.

You collected 890 gold pieces.

Inventory:

Hand Weapons
 n - a +2 flail of protection (weapon)
 p - a +0 giant club of flaming
Armour
 b - the +2 robe of Distant Worlds {rN+}
   (You found it on level 6 of the Dungeon)

   rN:        It protects you from negative energy.
 o - a +0 cloak (worn)
 y - +0 steam dragon scales (worn)
Jewellery
 a - a ring of flight
 s - an amulet of the acrobat (around neck)
 x - the ring "Pexzuta" (right hand) {Fire Str+3 Int+2 Stlth+}
   (You found it on level 6 of the Dungeon)

   [ring of fire]

   It enhances your fire magic.
   Str:       It affects your strength (+3).
   Int:       It affects your intelligence (+2).
   rF:        It protects you from fire.
   rC:        It makes you vulnerable to cold.
   Stlth:     It makes you more stealthy.
 C - a +6 ring of strength (left hand)
Wands
 k - a wand of iceblast (23)
 A - a wand of paralysis (11)
Scrolls
 d - 10 scrolls of teleportation
 g - a scroll of brand weapon
 h - a scroll of torment {unknown}
 j - 2 scrolls of immolation
 l - a scroll of vulnerability {unknown}
 q - a scroll of fog {unknown}
 r - 7 scrolls of identify
 u - a scroll of silence {unknown}
 v - a scroll of enchant weapon {unknown}
 w - 3 scrolls of magic mapping
 B - a scroll of poison {unknown}
 D - a scroll of acquirement {unknown}
 E - 3 scrolls of fear
 H - 2 scrolls of blinking
Potions
 c - 2 potions of attraction {unknown}
 e - a potion of berserk rage {unknown}
 f - a potion of curing
 i - a potion of ambrosia {unknown}
 m - 5 potions of mutation
 t - a potion of invisibility
 z - a potion of brilliance
 F - a potion of degeneration {unknown}
 G - a potion of cancellation {unknown}


   Skills:
 * Level 9.7 Fighting
 * Level 10.5 Maces & Flails
 * Level 4.1 Armour
 * Level 7.2 Dodging
 * Level 4.0 Evocations


You had 10 spell levels left.
You didn't know any spells.
Your spell library was empty.

Dungeon Overview and Level Annotations

Branches:
Dungeon (10/15)            Temple (0/1) D:4            Lair (0/5) D:8
    Orc (0/2) D:9         Ossuary (visited)

Altars:
Elyvilon
Kikubaaqudgha
Makhleb
Okawaru
Trog
Xom


Innate Abilities, Weirdness & Mutations

You are too large for most types of armour.
You have tough skin. (AC +1)


Message History

You feel very sick. The hornet closely misses you.
The hornet completely misses you.
You barely miss the hornet.
The hornet is severely wounded.
You feel sick. The hornet stings you!
You feel as though you will be slow longer.
You barely miss the hornet.
The hornet is severely wounded.
You feel sick. The hornet stings you!
* * * LOW HITPOINT WARNING * * *
You suddenly lose the ability to move!
The hornet stings you.
* * * LOW HITPOINT WARNING * * *
You feel as though you will be slow longer.
The hornet barely misses you.
You feel sick.
The hornet stings you but does no damage.
You feel sick.
The hornet stings you but does no damage.
The hornet stings you!
* * * LOW HITPOINT WARNING * * *
You feel as though you will be slow longer.
You can move again.
It was a potion of brilliance.
You feel clever all of a sudden.
You feel sick. The hornet stings you!
* * * LOW HITPOINT WARNING * * *
You feel as though you will be slow longer.
The hornet closely misses you.
You fade into invisibility!
You feel sick.
You are no longer poisoned.
The hornet stings you but does no damage.
The hornet closely misses you. The hornet closely misses you.
The hornet closely misses you. The hornet misses you.
The hornet completely misses you. The hornet completely misses you.
The hornet completely misses you. The hornet stings you!
You die...

#.....# # #.....#
##. #.<...# #..
#.##.### #.### ###
#.##...# #.#?#..[#
#.####.# #.#?...#
#.# #.# #..#)....8K
##.# #.#
#.#?.:#.#.8
....###@###.#[#...#
........y...###.###
###~###..##.# ##
#...#.# ###.#..
...#? ...### ...#
#..#


You could see a hornet (unable to see you).

Vanquished Creatures
  Psyche (D:8)
  Grinder (D:3)
  2 wyverns (D:9)
  A basilisk (D:9)
  3 steam dragons
  Menkaure (D:4)
  2 water moccasins
  A hornet zombie (D:8)
  A black bear (D:7)
  An ice beast (D:8)
  7 orc warriors (D:9)
  An ogre (D:4)
  A phantom (D:5)
  3 centaurs
  3 bullfrogs
  A kobold brigand (D:7)
  4 necrophages (D:8)
  A wyvern zombie (D:8)
  An elf zombie (D:6)
  A gnoll sergeant (D:8)
  4 scorpions
  An elf skeleton (D:6)
  4 wights (D:9)
  7 killer bees (D:9)
  5 howler monkeys
  A crimson imp (D:4)
  4 centaur zombies (D:8)
  6 hounds
  2 human zombies
  A jelly (D:5)
  3 orc priests
  2 gnoll boudas
  Jessica (D:2)
  3 sleepcaps
  A human skeleton (D:6)
  9 orc wizards
  5 iguanas
  8 mummies (Ossuary)
  A howler monkey zombie (D:8)
  7 gnolls (D:8)
  6 adders
  A river rat (D:6)
  5 ufetubi
  A worm (D:4)
  4 dart slugs
  33 orcs
  5 ball pythons
  4 bats
  5 endoplasms
  5 giant cockroaches
  11 goblins
  6 hobgoblins
  9 jackals
  6 quokkas
  A frilled lizard (D:1)
  A hobgoblin zombie (Ossuary)
  5 kobolds
  4 kobold zombies (Ossuary)
  2 orc skeletons (D:6)
  3 orc zombies (Ossuary)
  6 rats
235 creatures vanquished.

Vanquished Creatures (collateral kills)
  A two-headed ogre (D:9)
  An orc wizard (D:9)
2 creatures vanquished.

Vanquished Creatures (others)
  An orc wizard (D:9)
  A quokka (D:6)
  9 fungi (D:4)
  4 toadstools (D:6)
15 creatures vanquished.

Grand Total: 252 creatures vanquished

Notes
Turn   | Place    | Note
-------+----------+-------------------------------------------
     0 | D:1      | 12sPaWn12 the Ogre Berserker began the quest for the Orb.
     0 | D:1      | Reached XP level 1. HP: 24/24 MP: 1/1
   151 | D:1      | Reached XP level 2. HP: 32/32 MP: 2/2
   426 | D:1      | Reached skill level 3 in Maces & Flails
   584 | D:1      | Reached XP level 3. HP: 39/40 MP: 3/3
  1156 | D:2      | Noticed Jessica
  1167 | D:2      | Killed Jessica
  1172 | D:2      | Reached XP level 4. HP: 8/49 MP: 4/4
  2183 | D:3      | Reached ** piety under Trog
  2226 | D:3      | Noticed Grinder
  2231 | D:3      | Paralysed by Grinder for 3 turns
  2245 | D:3      | Killed Grinder
  2246 | D:3      | Reached skill level 5 in Fighting
  2246 | D:3      | Reached skill level 4 in Maces & Flails
  2246 | D:3      | Reached skill level 1 in Armour
  2246 | D:3      | Reached XP level 5. HP: 36/57 MP: 5/5
  2246 | D:3      | Reached XP level 6. HP: 42/66 MP: 6/6
  2449 | D:3      | Reached skill level 1 in Evocations
  3174 | D:4      | Noticed Menkaure
  3339 | D:4      | Reached XP level 7. HP: 51/72 MP: 7/7
  3435 | D:4      | Reached skill level 5 in Maces & Flails
  3971 | D:4      | Killed Menkaure
  4007 | D:4      | Found a staircase to the Ecumenical Temple.
  4068 | D:4      | Found a shimmering altar of Xom.
  4068 | D:4      | Found a burning altar of Makhleb.
  4316 | D:5      | Entered Level 5 of the Dungeon
  4348 | D:5      | Reached XP level 8. HP: 75/83 MP: 8/8
  4430 | D:5      | Reached *** piety under Trog
  4431 | D:5      | Reached skill level 6 in Maces & Flails
  4732 | D:5      | Reached skill level 5 in Dodging
  5315 | D:6      | Identified the +2 robe of Distant Worlds {rN+}
  5447 | D:6      | Reached skill level 7 in Maces & Flails
  5448 | D:6      | Found a sand-covered staircase.
  5455 | Ossuary  | Entered an ossuary
  5965 | D:6      | Reached **** piety under Trog
  6043 | D:6      | Found a white marble altar of Elyvilon.
  6090 | D:6      | Identified the ring "Pexzuta" {Fire Str+3 Int+2 Stlth+}
  6226 | D:6      | Reached XP level 9. HP: 82/92 MP: 9/9
  6421 | D:6      | Found an iron altar of Okawaru.
  6834 | D:6      | Reached skill level 8 in Maces & Flails
  8181 | D:8      | Reached skill level 9 in Maces & Flails
  8205 | D:8      | Reached XP level 10. HP: 85/104 MP: 10/10
  8365 | D:8      | Found an ancient bone altar of Kikubaaqudgha.
  8704 | D:8      | Reached ***** piety under Trog
  8841 | D:8      | Found a staircase to the Lair.
  8952 | D:8      | Noticed Psyche
  8960 | D:8      | Killed Psyche
  9651 | D:9      | Found a staircase to the Orcish Mines.
  9929 | D:9      | Reached skill level 10 in Maces & Flails
 10233 | D:9      | Identified the +0 robe of Nice Salvation {rElec rPois
                  | Dex+4}
 10251 | D:9      | Found a bloodstained altar of Trog.
 10371 | D:9      | Received a gift from Trog
 10645 | D:9      | Noticed a two-headed ogre
 10647 | D:9      | Killed a two-headed ogre
 10692 | D:9      | Reached XP level 11. HP: 58/115 MP: 11/11
 11092 | D:10     | Entered Level 10 of the Dungeon
 11113 | D:10     | Paralysed by a hornet for 1 turns
 11123 | D:10     | Paralysed by a hornet for 3 turns
 11133 | D:10     | Slain by a hornet

Illustrated notes

Levels and vault maps discovered:
D:1:      dpeg_arrival_simpleton_a, layout_basic
D:2:      layout_basic, serial_corexii_hall, chequers_hall_statues_wall_a,
          chequers_hall_statues_wall_a, uniq_jessica
D:3:      layout_basic, guppyfry_early_orc_mine, uniq_grinder
D:4:      layout_rooms, grunt_temple_overflow_champion_of_chaos,
          temple_fountains, serial_aquarium, aquarium_bridge_long_separate
          [aquarium_subvault_bridge, aquarium_subvault_bridge,
          aquarium_subvault_bridge, aquarium_subvault_bridge,
          aquarium_subvault_wall, aquarium_subvault_bridge],
          aquarium_bridge_straight [aquarium_subvault_bridge,
          aquarium_subvault_wall, aquarium_subvault_bridge,
          aquarium_subvault_wall], aquarium_window_1, aquarium_window_corner,
          aquarium_window_fake, aquarium_window_1, aquarium_view_2d,
          aquarium_view_2b, aquarium_balcony_1b, aquarium_pool_2,
          nrook_mini_backslash, hangedman_abyss_or_decor_slice, uniq_menkaure
D:5:      layout_loops_cross
D:6:      layout_loops_ring, elyvilon_altar_4, lemuel_doored_altar,
          gup_sewer_entry_bubbles, nicolae_ossuary_entry_catacombs,
          grunt_ministairs_11, minmay_gold_behind_fungi
D:7:      layout_basic, kennysheep_opposing_triangles
D:8:      layout_loops_corners, lemuel_mausoleum_altar_kikubaaqudgha,
          dpeg_oklobed_lair, uniq_psyche
D:9:      layout_cave_pods, marbit_many_paths, david_orc_1_choice
D:10:     minmay_the_grid_square_5x5_4x4 [minmay_the_grid_square_5x5_shrine1,
          minmay_the_grid_square_5x5_bracketed,
          minmay_the_grid_square_5x5_slash, minmay_the_grid_square_5x5_plus,
          minmay_the_grid_square_5x5_one_wall,
          minmay_the_grid_square_5x5_prize_open,
          minmay_the_grid_square_5x5_prize_open,
          minmay_the_grid_square_5x5_minibox,
          minmay_the_grid_square_5x5_checkered_statues,
          minmay_the_grid_square_5x5_prize_rear_guard,
          minmay_the_grid_square_5x5_prize_open,
          minmay_the_grid_square_5x5_trominoes, minmay_the_grid_square_5x5_mess,
          minmay_the_grid_square_5x5_two_small,
          minmay_the_grid_square_5x5_longway, minmay_the_grid_square_5x5_inset],
          layout_rooms, mainiacjoe_overflow_alcove_1, minivault_27,
          nrook_campfire, nicolae_blasting_shop, grunt_decor_cap

Skill      XL: |  1  2  3  4  5  6  7  8  9 10 |
---------------+-------------------------------+-----
Maces & Flails | 3 4 5 7 9 10 | 10.5
Dodging        | 3 4 5 6 7 |  7.2
Fighting       | 5 6 8 9 |  9.7
Armour         | 1 2 3 4 |  4.1
Evocations     | 1 2 3 4 |  4.0

Action                     |  1- 3 |  4- 6 |  7- 9 | 10-12 || total
---------------------------+-------+-------+-------+-------++-------
  Melee: Mace              |    31 |       |       |       ||    31
         Whip              |    47 |    30 |       |       ||    77
         Flail             |       |   117 |   432 |   241 ||   790
         Punch             |       |     2 |     5 |     3 ||    10
 Invoke: Berserk           |       |       |     4 |     1 ||     5
         Trog's Hand       |       |       |     3 |     2 ||     5
         Brothers in Arms  |       |       |       |     1 ||     1
    Use: Potion            |       |     1 |     3 |     3 ||     7
         Scroll            |       |       |    14 |       ||    14
   Stab: Sleeping          |       |     1 |       |     6 ||     7
 Armour: Animal skin       |    24 |       |       |       ||    24
         Robe              |       |    66 |   149 |       ||   215
         Skin              |       |     2 |       |       ||     2
         Steam dragon scal |       |       |    36 |    99 ||   135
  Dodge: Dodged            |    37 |    78 |   204 |   148 ||   467

Table legend: (Time is in decaauts)
 A = Elapsed time spent in this place.
 B = Non-inter-level travel time spent in this place.
 C = Inter-level travel time spent in this place.
 D = Time resting spent in this place.
 E = Time spent auto-exploring this place.
 F = Levels seen in this place.
 G = Mean time per level.
                   A        B        C        D        E       F      G
               +--------+--------+--------+--------+--------+-----+--------+
         Total |  11205 |  10899 |    306 |      0 |   9072 |  11 | 1018.6 |
       Dungeon |  10731 |  10425 |    306 |      0 |   8770 |  10 | 1073.1 |
       Ossuary |    473 |    473 |      0 |      0 |    302 |   1 |  473.0 |
               +--------+--------+--------+--------+--------+-----+--------+

Top non-repeatable levels by time:
     D:9: 1789 daAuts
     D:3: 1561 daAuts
     D:6: 1293 daAuts
     D:8: 1283 daAuts
     D:1: 992 daAuts
     D:5: 980 daAuts
     D:7: 969 daAuts
     D:2: 958 daAuts
     D:4: 856 daAuts
 Ossuary: 473 daAuts
    D:10: 45 daAuts
